 Dungeon Crawl Stone Soup version 0.32-a0-893-gf85d74f360 (webtiles) character file.

Game seed: 14166373413900310219

704 pokedragonboy the Grasshopper (level 7, -8/94 HPs)
             Began as a Naga Warper on Apr 3, 2024.
             Was an Initiate of Cheibriados.
             Mangled by a mummy (12 damage)
             ... in an ossuary.
             The game lasted 00:12:03 (4061 turns).

pokedragonboy the Grasshopper (Naga Warper)         Turns: 4061, Time: 00:12:04

Health: -8/94      AC: 23    Str: 16    XL:     7   Next: 66%
Magic:  1/10       EV:  1    Int: 13    God:    Cheibriados [......]
Gold:   128        SH:  0    Dex: 11    Spells: 0/12 levels left

rFire   . . .        r - +1 hand axe (elec)
rCold   . . .        (no shield)
rNeg    . . .        b - melded +0 leather armour
rPois   +            i - melded +0 helmet
rElec   .            (cloak currently unavailable)
rCorr   .            (gloves currently unavailable)
SInv    +            (no barding)
Will    .....        j - amulet of the acrobat
Stlth   +            (no ring)
HPRegen 0.35/turn    (no ring)
MPRegen 0.12/turn

%: acrobat
@: tree-form, attractive, hasted, quick
A: stationary, stasis, torment immunity, boosted hp, AC +2, large, see
invisible, (deformed body), (poison resistance), (slowness 2), spit poison 2,
(naga tail 1), (stinger 1), dopey 1, low MP 1
a: Breathe Poison Gas, Renounce Religion


You were in an ossuary.
You worshipped Cheibriados.
Cheibriados was noncommittal.
You were a tree.
You visited 2 branches of the dungeon, and saw 7 of its levels.
You also visited: Ossuary.

You collected 128 gold pieces.

Inventory:

Hand Weapons
 g - a +2 dagger of protection
 r - a +1 hand axe of electrocution (weapon)
Missiles
 d - 7 darts of dispersal
 e - 9 poisoned darts
Armour
 a - a +0 tower shield
 b - a +0 leather armour (melded)
 i - a +0 helmet (melded)
Jewellery
 j - an amulet of the acrobat (around neck)
Wands
 s - a wand of quicksilver (9)
Scrolls
 c - a scroll of noise
 h - a scroll of silence
 k - 3 scrolls of teleportation
 m - a scroll of amnesia
 q - a scroll of poison {unknown}
Potions
 f - a potion of degeneration
 n - a potion of lignification


   Skills:
 + Level 3.8 Fighting
 * Level 5.1 Axes
 - Level 0.8 Throwing
 - Level 0.7 Armour
 - Level 1.5 Dodging
 + Level 3.4 Spellcasting
 * Level 5.5 Translocations
 + Level 0.4 Air Magic


You couldn't memorise any spells.
You knew the following spells:

 Your Spells              Type           Power      Damage    Failure   Level
c - Vhi's Electric Charg  Tloc/Air       18%        N/A       54%         4
d - Maxwell's Portable P  Tloc           16%        2d(6-18)  7%          3
j - Teleport Other        Tloc           16%        N/A       7%          3
n - Blink                 Tloc           32%        N/A       3%          2

Your spell library contained the following spells:

 Spells                   Type           Power      Damage    Failure   Level
 Lesser Beckoning         Tloc           32%        N/A       3%          2
 Sting                    Conj/Alch      8%         1d3       22%         1
 Volatile Blastmotes      Fire/Tloc      18%        2d11      22%         3
 Mercury Vapours          Alch/Air       4%         N/A       30%         2
 Passwall                 Erth           2%         N/A       54%         3
 Olgreb's Toxic Radiance  Alch           2%         N/A       91%         4
 Bombard                  Conj/Erth      1%         9d1       100%        6


Dungeon Overview and Level Annotations

Branches:
Dungeon (6/15)             Temple (1/1) D:6         Ossuary (1/1)

Altars:
Ashenzari
Cheibriados
Elyvilon
Fedhas
Gozag
Hepliaklqana
Kikubaaqudgha
Nemelex Xobeh
Okawaru
Qazlal
Ru
Sif Muna
Trog
Wu Jian
Xom
Yredelemnul

Annotations:
D:4 Menkaure


Innate Abilities, Weirdness & Mutations

You are a tree.
Your roots penetrate the ground, keeping you stationary.
You cannot be teleported.
You are immune to unholy pain and torment.
Your maximum health is greatly increased.
Your equipment is partially melded.
((Your serpentine skin is tough. (AC +2)))
You have supernaturally acute eyesight. (SInv)
((Armour fits poorly on your strangely shaped body.))
((Your system is resistant to poisons. (rPois)))
((You cover ground very slowly.))
You can exhale a cloud of poison.
((You have a snake-like lower body.))
((Your tail ends in a venomous barb.))
You are dopey. (Int -2)
Your magical capacity is low. (-10% MP)


Message History

Okay, then.
You hit the mummy.
The mummy is moderately damaged.
You hit the mummy. The mummy barely misses you.
Unknown command.
You barely miss the mummy.
The mummy is moderately damaged.
You completely miss the mummy. The mummy hits you! x2
* * * LOW HITPOINT WARNING * * *
Unknown command.
Okay, then.
It was a potion of lignification.
You turn into a tree.
Your +0 helmet melds into your body.
Your +0 leather armour melds into your body.
Your roots penetrate the ground.
The mummy hits you but does no damage.
It was a potion of mutation.
You feel extremely strange.
A venomous barb forms on the end of your tail.
You feel less energetic.
You feel stupid.
There is a nasty taste in your mouth for a moment.
The mummy hits you.
* * * LOW HITPOINT WARNING * * *
Okay, then.
Aiming: Breathe Poison Gas (5% risk of failure)
Press: ? - help, Shift-Dir - straight line
Okay, then.
Okay, then.
Okay, then.
It was a potion of attraction.
You feel attractive to monsters. The mummy hits you but does no damage.
The kobold zombie is attracted toward you.
It was a potion of haste.
You feel yourself speed up.
Cheibriados forgives your accidental hurry, just this once.
The mummy hits you but does no damage.
The kobold zombie hits you but does no damage.
You hit the mummy.
The mummy is heavily damaged.
You hit the mummy. You barely miss the kobold zombie. The mummy hits you!
You die...
Cheibriados appreciates the motionlessness of death.

............
..........
........
......
#....#
#..§.#
#.ZZ.#
#M♣M.#
#....#
#....#
#....#
#....#
#.∩∩.#
######


You could see 2 mummies, a hobgoblin zombie and a kobold zombie.

Vanquished Creatures
  Sigmund (D:3)
  2 ogres
  A scorpion (D:5)
  An orc priest (D:3)
  A hound (D:5)
  An iguana (D:5)
  A sleepcap (D:5)
  2 orc wizards (D:5)
  5 adders
  2 ufetubi (D:5)
  3 dart slugs
  3 ribbon worms
  12 orcs
  7 ball pythons
  6 endoplasms
  2 giant cockroaches (D:1)
  4 goblins
  3 hobgoblins
  6 jackals
  3 quokkas
  5 bats
  2 frilled lizards
  A goblin zombie (D:6)
  2 hobgoblin zombies (Ossuary)
  2 kobolds
  3 kobold zombies (Ossuary)
  An orc zombie (Ossuary)
  A quokka zombie (D:6)
  8 rats
91 creatures vanquished.

Notes
Turn   | Place    | Note
-------+----------+-------------------------------------------
     0 | D:1      | pokedragonboy the Naga Warper began the quest for the Orb.
     0 | D:1      | Reached XP level 1. HP: 19/19 MP: 3/3
   271 | D:1      | Reached XP level 2. HP: 23/26 MP: 5/5
   833 | D:2      | Reached XP level 3. HP: 12/32 MP: 6/6
   936 | D:2      | Learned a level 2 spell: Blink
   940 | D:2      | Learned a level 3 spell: Teleport Other
  1791 | D:3      | Reached XP level 4. HP: 40/40 MP: 7/7
  2209 | D:3      | Reached XP level 5. HP: 43/46 MP: 8/8
  2246 | D:3      | Noticed Sigmund
  2254 | D:3      | Killed Sigmund
  2255 | D:3      | Reached XP level 6. HP: 34/56 MP: 8/10
  2352 | D:3      | Found a white marble altar of Elyvilon.
  2504 | D:3      | Learned a level 3 spell: Maxwell's Portable Piledriver
  2982 | D:4      | Noticed Menkaure
  3000 | D:5      | Entered Level 5 of the Dungeon
  3241 | D:5      | Reached skill level 5 in Translocations
  3241 | D:5      | Reached XP level 7. HP: 35/62 MP: 11/11
  3661 | D:5      | Learned a level 4 spell: Vhi's Electric Charge
  3714 | D:5      | Reached skill level 5 in Axes
  3714 | D:5      | You fall into a shaft and drop 1 floor!
  3731 | D:6      | Found a broken altar of Ashenzari.
  3842 | D:6      | Found a staircase to the Ecumenical Temple.
  3854 | Temple   | Entered the Ecumenical Temple
  3877 | Temple   | Became a worshipper of Cheibriados the Contemplative
  3983 | D:6      | Found a sand-covered staircase.
  3995 | Ossuary  | Entered an ossuary
  4058 | Ossuary  | Gained mutation: Your tail ends in a venomous barb. [potion
                  | of mutation]
  4058 | Ossuary  | Gained mutation: Your magical capacity is low. (-10% MP)
                  | [potion of mutation]
  4058 | Ossuary  | Gained mutation: You are dopey. (Int -2) [potion of
                  | mutation]
  4058 | Ossuary  | Gained mutation: You can exhale a cloud of poison. [potion
                  | of mutation]
  4058 | Ossuary  | HP: 3/94 [mummy (5)]
  4061 | Ossuary  | Mangled by a mummy

Illustrated notes

Levels and vault maps discovered:
D:1:      sevenhm_arrival_forest_fort_large_2, layout_rooms, serial_aquarium,
          aquarium_bridge_square [aquarium_subvault_bridge,
          aquarium_subvault_bridge, aquarium_subvault_bridge,
          aquarium_subvault_wall], aquarium_window_2, aquarium_window_corner,
          aquarium_window_1, aquarium_view_2e, aquarium_view_2d,
          aquarium_balcony_1b, minmay_tetromino_i2
D:2:      kb_forest_paths, layout_basic, minmay_misc_feat_columns,
          hangedman_decor_peaks_small
D:3:      layout_basic, mainiacjoe_overflow_24_doors, uniq_sigmund
D:4:      layout_cave_pools, uniq_menkaure
D:5:      layout_loops_cross, tso_oasis_becter, saegor_snake_ambush
D:6:      layout_basic, lemuel_doored_altar, mainiacjoe_overflow_cross_hatched,
          minmay_temple_entry_large_hall, enter_ossuary_4, dk_noncrumbling_2,
          nicolae_shop_self_help
Temple:   minmay_temple_curvy_branch
Ossuary:  ossuary_tomb_3

Skill      XL: |  1  2  3  4  5  6  7 |
---------------+----------------------+-----
Axes           | 3 4 5 |  5.1
Fighting       | 3 |  3.8
Translocations | 4 5 |  5.5
Spellcasting   | 3 |  3.4
Throwing       | |  0.8
Armour         | |  0.7
Dodging        | |  1.5
Air Magic      | |  0.4

Action                     |  1- 3 |  4- 6 |  7- 9 || total
---------------------------+-------+-------+-------++-------
  Melee: Hand axe          |   160 |    73 |    61 ||   294
         Dagger            |       |    29 |       ||    29
   Cast: Maxwell's Portabl |       |       |     8 ||     8
         Teleport Other    |       |       |     3 ||     3
         Blink             |       |       |     1 ||     1
Ability: Spit Poison       |    11 |    14 |     4 ||    29
    Use: Potion            |       |     2 |     4 ||     6
         Scroll            |       |     1 |     4 ||     5
 Armour: Leather armour    |   162 |    73 |    47 ||   282
         Skin              |       |       |     6 ||     6
  Dodge: Dodged            |    97 |    38 |    26 ||   161

Table legend: (Time is in decaauts)
 A = Elapsed time spent in this place.
 B = Non-inter-level travel time spent in this place.
 C = Inter-level travel time spent in this place.
 D = Time resting spent in this place.
 E = Time spent auto-exploring this place.
 F = Levels seen in this place.
 G = Mean time per level.
                   A        B        C        D        E       F      G
               +--------+--------+--------+--------+--------+-----+--------+
         Total |   5094 |   4827 |    267 |    604 |   3090 |   8 |  636.8 |
       Dungeon |   4934 |   4734 |    200 |    604 |   3088 |   6 |  822.3 |
        Temple |     70 |      3 |     67 |      0 |      0 |   1 |   70.0 |
       Ossuary |     90 |     90 |      0 |      0 |      1 |   1 |   90.0 |
               +--------+--------+--------+--------+--------+-----+--------+

Top non-repeatable levels by time:
     D:3: 1317 daAuts
     D:2: 1270 daAuts
     D:1: 990 daAuts
     D:5: 796 daAuts
     D:6: 345 daAuts
     D:4: 213 daAuts
 Ossuary: 90 daAuts
  Temple: 70 daAuts
